 Dungeon Crawl Stone Soup version 0.29.0-11-gd7f09526c8 (webtiles) character file.

Game seed: 684589119204655058

74 xSliceyx the Magician (level 4, 0/31 HPs)
             Began as a Djinni Hedge Wizard on Sept 2, 2022.
             Slain by a jackal (3 damage)
             ... on level 3 of the Dungeon.
             The game lasted 00:06:43 (3540 turns).

xSliceyx the Magician (Djinni Hedge Wizard)         Turns: 3540, Time: 00:06:43

Health: 0/31       AC:  3    Str: 11    XL:     4   Next: 52%
Gold:   91         EV: 12    Int: 17    God:
                   SH:  0    Dex: 13

rFire   + + .      SeeInvis +   b - +0 quarterstaff
rCold   x . .      Faith    .   (shield currently unavailable)
rNeg    . . .      Spirit   .   h - +0 robe
rPois   ∞          Reflect  .   c - +0 hat
rElec   .          Harm     .   q - +0 cloak
rCorr   +          Rampage  .   (no gloves)
Will    ++...                   (boots unavailable)
Stlth   ++........              (no amulet)
HPRegen 0.10/turn               (no ring)
MPRegen 0.00/turn               m - ring of Recklessness {+Blink Will++ rCorr Str+2 SInv}

@: flying
A: sickness immunity, fire resistance 2, cold vulnerability 1, float, innate
caster, HP casting, extra vitality 1
a: Evoke Blink


You were on level 3 of the Dungeon.
You visited 1 branch of the dungeon, and saw 3 of its levels.

You collected 91 gold pieces.

Inventory:

Hand Weapons
 a - a +0 dagger
 b - a +0 quarterstaff (weapon)
Armour
 c - a +0 hat (worn)
 h - a +0 robe (worn)
 q - a +0 cloak (worn)
Jewellery
 m - the ring of Recklessness (right hand) {+Blink Will++ rCorr Str+2 SInv}
   (You found it on level 2 of the Dungeon)

   [ring of resist corrosion]

   Str:       It affects your strength (+2).
   SInv:      It lets you see invisible.
   +Blink:    It lets you blink.
   rCorr:     It protects you from acid and corrosion.
   Will:      It greatly increases your willpower.
Scrolls
 d - a scroll of immolation {unknown}
 e - 2 scrolls of magic mapping {unknown}
 i - a scroll of brand weapon {unknown}
 j - 2 scrolls of identify {unknown}
 k - a scroll of teleportation {unknown}
 l - a scroll of vulnerability {unknown}
 n - a scroll of noise {unknown}
Potions
 f - a potion of curing {unknown}
 g - 2 potions of flight {unknown}
 o - a potion of lignification {unknown}
 p - a potion of ambrosia {unknown}


   Skills:
 - Level 2.1 Dodging
 - Level 1.5 Stealth
 + Level 3.9 Spellcasting


You couldn't memorise any spells.
You knew the following spells:

 Your Spells              Type           Power      Damage    Failure   Level
a - Magic Dart            Conj           64%        1d6       3%          1
b - Blink                 Tloc           32%        N/A       4%          2
c - Call Imp              Summ           16%        N/A       4%          2
d - Slow                  Hex            64%        N/A       3%          1
e - Conjure Flame         Conj/Fire      16%        6-21      10%         3
f - Mephitic Cloud        Conj/Pois/Air  16%        N/A       10%         3
g - Summon Small Mammal   Summ           64%        N/A       3%          1
Your spell library was empty.

Dungeon Overview and Level Annotations

Branches:
Dungeon (3/15)

Altars:


Innate Abilities, Weirdness & Mutations

You are immune to sickness and miasma.
You are immune to poison.
Your flesh is very heat resistant. (rF++)
You are vulnerable to cold. (rC-)
You float through the air rather than walking.
You learn spells naturally, not from books.
Your magical power is your life essence.
You have superior vitality. (+4 MHP)


Message History

The magic dart hits the orc.
The orc is moderately wounded.
The orc hits you with a +0 whip. The orc completely misses you.
Your magical contamination has completely faded away.
The magic dart hits the orc but does no damage.
The orc is moderately wounded.
The orc closely misses you. The orc barely misses you.
The magic dart hits the orc but does no damage.
The orc is moderately wounded.
The orc hits you with a +0 whip. x2
You are too injured to fight recklessly!
You are too injured to fight recklessly!
You are too injured to fight recklessly!
You are too injured to fight recklessly!
You are too injured to fight recklessly!
You are too injured to fight recklessly!
You are too injured to fight recklessly!
You are too injured to fight recklessly!
You are too injured to fight recklessly!
You are too injured to fight recklessly!
You are too injured to fight recklessly!
You are too injured to fight recklessly!
You hit the orc.
The orc is heavily wounded.
The orc barely misses you. The orc hits you with a +0 whip.
* * * LOW HITPOINT WARNING * * *
The orc attacks as you move away! The orc hits you with a +0 whip.
* * * LOW HITPOINT WARNING * * *
The orc misses you. The orc attacks as you move away!
The orc misses you. 2 jackals come into view.
The jackal barks! x2
A jackal comes into view.
You hear an angry hiss.
The orc closely misses you.
A ball python comes into view.
You sock the orc!
You kill the orc!
The orc closely misses you. The jackal bites you.
You die...

..#. ...# # ...##
#######..#. #....
#[@hh.Sh...
#...####)#o#####.
#..........#
#..##)...##
#....<...####
###..###.(....#
####......[.####..#
#.......##### .#
##.#.###.# .


You could see an orc, 3 jackals and a ball python.

Vanquished Creatures
  2 worms (D:2)
  2 dart slugs
  5 orcs (D:3)
  2 endoplasms
  2 giant cockroaches
  A goblin (D:1)
  3 hobgoblins
  3 jackals (D:3)
  4 quokkas
  5 ball pythons
  2 bats
  A frilled lizard (D:3)
  7 kobolds
  6 rats
45 creatures vanquished.

Vanquished Creatures (others)
  An orc wizard (D:3)
1 creature vanquished.

Grand Total: 46 creatures vanquished

Notes
Turn   | Place    | Note
-------+----------+-------------------------------------------
     0 | D:1      | xSliceyx the Djinni Hedge Wizard began the quest for the
                  | Orb.
     0 | D:1      | xSliceyx set off with the following spells memorised: Magic
                  | Dart, Blink, Call Imp, Slow, Conjure Flame, Mephitic Cloud.
     0 | D:1      | Reached XP level 1. HP: 15/15 MP: 0/0
   182 | D:1      | Reached XP level 2. HP: 19/21 MP: 0/0
   470 | D:1      | Reached skill level 3 in Spellcasting
  1555 | D:2      | Reached XP level 3. HP: 8/25 MP: 0/0
  1555 | D:2      | Learned a level 1 spell: Summon Small Mammal
  2720 | D:2      | Identified the ring of Recklessness {+Blink Will++ rCorr
                  | Str+2 SInv}
  3026 | D:3      | Reached XP level 4. HP: 24/31 MP: 0/0
  3540 | D:3      | Slain by a jackal

Illustrated notes

Levels and vault maps discovered:
D:1:      shiori_arrival_maze, layout_basic, kennysheep_crisscross,
          serial_park_tiny_pond
D:2:      layout_basic
D:3:      layout_rooms, kennysheep_generic_room_3, uniq_sigmund

Skill      XL: |  1  2 |
---------------+-------+-----
Spellcasting   | 3 |  3.9
Dodging        | |  2.1
Stealth        | |  1.5

Action                   |  1- 3 |  4- 6 || total
-------------------------+-------+-------++-------
Melee: Quarterstaff      |       |     2 ||     2
 Cast: Magic Dart        |    92 |    33 ||   125
       Call Imp          |     2 |     1 ||     3
       Summon Small Mamm |     1 |       ||     1
       Conjure Flame     |       |     2 ||     2
Armor: Robe              |     1 |       ||     1
Dodge: Dodged            |     5 |    18 ||    23
